 Dungeon Crawl Stone Soup version 0.22-a0-565-gfc6459a (webtiles) character file.

10018 Amnesiac the Thaumaturge (level 11, -3/45 HPs)
             Began as a Spriggan Wanderer on June 28, 2018.
             Was an Initiate of Gozag.
             Slain by an orc warrior
             ... wielding a +0 flail
              (19 damage)
             ... on level 9 of the Dungeon.
             The game lasted 00:37:40 (17683 turns).

Amnesiac the Thaumaturge (Spriggan Wanderer)       Turns: 17683, Time: 00:37:41

Health: -3/45      AC:  2    Str: 12    XL:     11   Next: 30%
Magic:  0/25       EV: 23    Int: 18    God:    Gozag
Gold:   1970       SH:  7    Dex: 15    Spells: 12/28 levels left

rFire    . . .     SeeInvis +   a - +0 dagger (pain)
rCold    . . .     Gourm    .   w - +0 buckler
rNeg     . . .     Faith    .   m - +0 robe
rPois    .         Spirit   +   (helmet restricted)
rElec    +         Reflect  .   (no cloak)
rCorr    .         Harm     .   (gloves unavailable)
MR       +....                  (boots unavailable)
Stlth    +++++.....             v - amulet of guardian spirit
HPRegen  0.15/turn              l - +4 ring of intelligence
MPRegen  0.19/turn              y - ring of stealth

@: very slightly contaminated, very quick
A: very small, unfitting armour, see invisible, herbivore, speed 3, frail 1,
mutation resistance 1, electricity resistance, slow metabolism 2
a: Potion Petition, Call Merchant, Bribe Branch, Renounce Religion


You were on level 9 of the Dungeon.
You worshipped Gozag.
Gozag was most pleased with you.
You were not hungry.

You visited 2 branches of the dungeon, and saw 12 of its levels.

You collected 2019 gold pieces.
You paid 49 gold pieces to Gozag.

Inventory:

Hand Weapons
 a - a +0 dagger of pain (weapon)
 u - the +1 spear "Juocag" {flame, rF+ rC+ rN+ Dex-5}
   (You found it on level 9 of the Dungeon)

   It has been specially enchanted to burn those struck by it, causing extra
   injury to most foes and up to half again as much damage against particularly
   susceptible opponents.
   It affects your dexterity (-5).
   It protects you from fire.
   It protects you from cold.
   It protects you from negative energy.
Missiles
 f - 160 arrows
Armour
 m - a +0 robe (worn)
 w - a +0 buckler (worn)
Jewellery
 l - a +4 ring of intelligence (left hand)
 v - an amulet of guardian spirit (around neck)
 y - a ring of stealth (right hand)
 D - an uncursed ring of stealth
Wands
 k - a wand of disintegration (23)
 r - a wand of enslavement (18)
 z - a wand of digging (9)
 A - a wand of iceblast (7)
Scrolls
 e - a scroll of enchant armour {!r}
 j - 7 scrolls of teleportation {!r}
 o - 3 scrolls of remove curse {!r}
 t - 3 scrolls of identify {!r}
 B - a scroll of magic mapping {!r}
Potions
 c - a potion of brilliance {!q, unknown}
 d - a potion of might {!q, unknown}
 g - 4 potions of lignification {!q}
 h - 3 potions of berserk rage {!q}
 i - a potion of flight {!q}
 n - 4 potions of curing {!q}
 p - 2 potions of degeneration {!q, unknown}
 q - a potion of agility {!q}
 x - 2 potions of mutation {!q}
Comestibles
 s - 9 rations


   Skills:
 - Level 2.0 Fighting
 - Level 8.1 Short Blades
   Level 1.0(3.9) Long Blades
 - Level 1.0 Throwing
 - Level 8.0 Dodging
 - Level 8.1 Stealth
 * Level 6.2 Shields
 - Level 9.0 Spellcasting
   Level 1.0 Necromancy
 - Level 9.0 Transmutations
 - Level 8.5 Evocations


You had 12 spell levels left.
You knew the following spells:

 Your Spells              Type           Power        Failure   Level  Hunger
a - Poisonous Vapours     Pois/Air       #.....       14%         2    None
b - Passwall              Tmut/Erth      ###.....     2%          2    None
c - Sticks to Snakes      Tmut           #####...     1%          2    None
d - Confuse               Hex            #.......     28%         3    None
e - Petrify               Tmut/Erth      ###.....     14%         4    ###....
f - Call Imp              Summ           #.......     14%         2    None
z - Confusing Touch       Hex            #.....       10%         1    None

Your spell library contained the following spells:

 Spells                   Type           Power        Failure   Level  Hunger
 Summon Small Mammal      Summ           #...         10%         1    None
 Summon Ice Beast         Ice/Summ       #.......     67%         4    ###....
 Swiftness                Chrm/Air       #.......     14%         2    None
 Call Canine Familiar     Summ           #.......     28%         3    None
 Metabolic Englaciation   Hex/Ice        #.........   95%         5    #####..
 Summon Lightning Spire   Summ/Air       #.......     67%         4    ###....
 Summon Guardian Golem    Hex/Summ       #.......     28%         3    None
 Gell's Gravitas          Tloc           #.........   28%         3    None
 Yara's Violent Unravell  Hex/Tmut       ###.......   38%         5    #####..


Dungeon Overview and Level Annotations

Branches:
Dungeon (11/15)            Temple (1/1) D:5            Lair (0/6) D:9
    Orc (0/2) D:9

Altars:
Ashenzari
Cheibriados
Dithmenos
Elyvilon
Fedhas
Gozag
Hepliaklqana
Kikubaaqudgha
Makhleb
Nemelex Xobeh
Okawaru
Qazlal
Ru
Sif Muna
Trog
Uskayaw
Vehumet
Wu Jian
Xom
Yredelemnul
Zin
The Shining One
Lugonu

Shops:
D:7 :


Innate Abilities, Weirdness & Mutations

You are very small and have problems with some larger weapons.
You are too small for most types of armour.
You have supernaturally acute eyesight. (SInv)
You are a herbivore.
You cover ground extremely quickly.
You need to consume almost no food.
You are frail. (-10% HP)
You are somewhat resistant to further mutation.
You are resistant to electric shocks. (rElec)


Message History

Confirm with . or Enter, or press ? or * to list all spells.
Aiming: Poisonous Vapours (safe; 14% risk of failure)
Press: ? - help, Dir - move target cursor, f - orc priest, p - orc warrior
Aim: an orc priest, wielding a club Poisonous vapours surround the orc priest!
The orc priest is poisoned.
The orc priest closely misses you. The orc warrior barely misses you.
Casting: Poisonous Vapours (safe; 14% risk of failure)
Confirm with . or Enter, or press ? or * to list all spells.
Aiming: Poisonous Vapours (safe; 14% risk of failure)
Press: ? - help, Dir - move target cursor, f - orc warrior, p - orc priest
Aim: an orc warrior, wielding a flail and wearing a chain mail (lightly wounded, poisoned) Poisonous vapours surround the orc warrior!
You block the orc priest's attack.
Casting: Poisonous Vapours (safe; 14% risk of failure)
Confirm with . or Enter, or press ? or * to list all spells.
Aiming: Poisonous Vapours (safe; 14% risk of failure)
Press: ? - help, Dir - move target cursor, f - orc priest, p - orc warrior
Aim: an orc priest, wielding a club (poisoned) Poisonous vapours surround the orc priest!
You block the orc warrior's attack.
The orc priest is engulfed in poison gas.
The orc priest looks even sicker.
The orc priest completely misses you.
You see here a club.
You barely miss the orc warrior.
The orc warrior is moderately wounded.
Casting: Poisonous Vapours (safe; 14% risk of failure)
Confirm with . or Enter, or press ? or * to list all spells.
Aiming: Poisonous Vapours (safe; 14% risk of failure)
Press: ? - help, Dir - move target cursor, f/p - orc priest
Aim: an orc priest, wielding a club (heavily wounded, poisoned)
You miscast Poisonous Vapours.
You are very lightly contaminated with residual magic.
You feel slightly ill.
Casting: Poisonous Vapours (safe; 14% risk of failure)
Confirm with . or Enter, or press ? or * to list all spells.
Aiming: Poisonous Vapours (safe; 14% risk of failure)
Press: ? - help, Dir - move target cursor, f - orc warrior, p - orc priest
Aim: an orc warrior, wielding a flail and wearing a chain mail (moderately wounded, poisoned)
You miscast Poisonous Vapours.
Wisps of vapour drift from your hands. You block the orc priest's attack.
The orc warrior misses you.
Casting: Poisonous Vapours (safe; 14% risk of failure)
Confirm with . or Enter, or press ? or * to list all spells.
Aiming: Poisonous Vapours (safe; 14% risk of failure)
Press: ? - help, Dir - move target cursor, f - orc priest, p - orc warrior
Aim: an orc priest, wielding a club (heavily wounded, poisoned) Poisonous vapours surround the orc priest!
The orc warrior looks more healthy.
The orc priest is engulfed in poison gas.
The orc priest looks even sicker.
The orc priest calls down the wrath of Beogh upon you.
Beogh smites you! The orc warrior hits you with a flail!
* * * LOW HITPOINT WARNING * * *
Casting: Poisonous Vapours (safe; 14% risk of failure)
Confirm with . or Enter, or press ? or * to list all spells.
Aiming: Poisonous Vapours (safe; 14% risk of failure)
Press: ? - help, Dir - move target cursor, f - orc warrior, p - orc priest
Aim: an orc warrior, wielding a flail and wearing a chain mail (moderately wounded) Poisonous vapours surround the orc warrior!
The orc priest looks encouraged for a moment.
The orc warrior is engulfed in poison gas.
The orc warrior is poisoned.
The orc warrior hits you with a flail!!
You die...
Your body crumbles into a pile of gold.

#############
######...........#
#................#
####[...............#
#...................#
##..................#
#..................#
#..o@..............##
#..o...............))
##......#+############
#.......#.............
#.......#.............
#.......#.............
#.#####...............
#.# #.........######
######.#
#..._..####.....


You could see an orc warrior and an orc priest.

Vanquished Creatures
  An elephant (D:9)
  A gargoyle (D:11)
  A centaur skeleton (D:11)
  3 trolls
  2 hippogriffs
  12 yaks
  A wraith (D:9)
  A human (D:9)
  2 wyverns
  3 hogs (D:9)
  A basilisk (D:9)
  Duvessa (D:7)
  A water moccasin (D:11)
  2 ice beasts
  A hornet zombie (D:10)
  3 orc warriors
  A black bear (D:7)
  3 phantoms
  5 sky beasts
  2 ogres
  A wolf (D:10)
  2 centaurs
  A crocodile (D:9)
  5 bullfrogs
  5 scorpions
  Dowan (D:7)
  14 killer bees
  4 wights
  An electric eel (D:10)
  A howler monkey (D:11)
  7 crimson imps
  A bullfrog zombie (D:5)
  A centaur zombie (D:5)
  A quasit (D:9)
  A jelly (D:9)
  5 orc priests
  7 hounds
  3 bullfrog skeletons
  7 orc wizards
  A water moccasin simulacrum (D:10)
  2 iguanas
  6 worker ants
  2 hound zombies
  4 hound skeletons
  2 worker ant zombies
  10 adders
  4 gnolls (D:5)
  4 shadow imps
  A white imp (D:10)
  2 oozes
  4 worms
  2 dart slugs
  4 leopard geckos
  40 orcs
  4 bats
  8 giant cockroaches
  8 goblins
  11 hobgoblins
  8 jackals
  7 kobolds
  6 quokkas
  6 frilled lizards
  A jackal zombie (D:9)
  5 rats
267 creatures vanquished.

Vanquished Creatures (collateral kills)
  2 phantoms
  A jelly (D:5)
  A crimson imp (D:6)
4 creatures vanquished.

Vanquished Creatures (others)
  2 ufetubi (D:10)
2 creatures vanquished.

Grand Total: 273 creatures vanquished

Notes
Turn   | Place    | Note
-------+----------+-------------------------------------------
     0 | D:1      | Amnesiac the Spriggan Wanderer began the quest for the Orb.
     0 | D:1      | Amnesiac set off with: a +2 falchion, a +0 robe, a ration
     0 | D:1      | Reached XP level 1. HP: 10/10 MP: 5/5
   273 | D:3      | Reached XP level 2. HP: 10/15 MP: 7/7
   284 | D:3      | Learned a level 2 spell: Sticks to Snakes
   288 | D:3      | Learned a level 2 spell: Passwall
   309 | D:3      | Learned a level 2 spell: Poisonous Vapours
  1075 | D:4      | Reached XP level 3. HP: 18/18 MP: 3/8
  1301 | D:4      | Reached XP level 4. HP: 22/23 MP: 0/11
  1374 | D:4      | Learned a level 2 spell: Swiftness
  1456 | D:4      | Found a shimmering altar of Xom.
  1457 | D:4      | Found a hazy altar of Hepliaklqana.
  1457 | D:4      | Noticed an unseen horror
  1458 | D:4      | Noticed an unseen horror
  1458 | D:4      | Noticed a spectral ugly thing
  1482 | D:5      | Entered Level 5 of the Dungeon
  1512 | D:5      | Reached XP level 5. HP: 14/26 MP: 5/13
  1864 | D:5      | Reached skill level 5 in Transmutations
  1868 | D:5      | Reached skill level 5 in Spellcasting
  1917 | D:5      | Noticed a sky beast
  1959 | D:5      | Killed a sky beast
  1959 | D:5      | Reached XP level 6. HP: 4/30 MP: 0/15
  2984 | D:5      | Reached XP level 7. HP: 30/35 MP: 6/18
  3048 | D:5      | Learned a level 1 spell: Confusing Touch
  3091 | D:4      | Learned a level 4 spell: Petrify
  3553 | D:4      | HP: 1/35 [orc/trident (4)]
  3979 | D:5      | Found a staircase to the Ecumenical Temple.
  3985 | Temple   | Entered the Ecumenical Temple
  4015 | Temple   | Became a worshipper of Gozag Ym Sagoz the Greedy
  5805 | D:2      | Found a burning altar of Makhleb.
  5808 | D:2      | Found a glowing silver altar of Zin.
  5808 | D:2      | Noticed a green death
  5808 | D:2      | Noticed an angel
  6916 | D:3      | Found a basalt altar of Yredelemnul.
  7120 | D:3      | Reached skill level 1 in Stealth
  7212 | D:3      | Found a glowing golden altar of the Shining One.
  7442 | D:5      | Learned a level 2 spell: Call Imp
  7477 | D:5      | Reached skill level 1 in Short Blades
  7801 | D:5      | Reached skill level 1 in Dodging
  7801 | D:5      | Reached XP level 8. HP: 7/39 MP: 8/21
  8269 | D:6      | Found a shadowy altar of Dithmenos.
  8269 | D:6      | Found a sacrificial altar of Ru.
  8271 | D:6      | Found a snail-covered altar of Cheibriados.
  8957 | D:6      | Found a white marble altar of Elyvilon.
  9622 | D:7      | Reached skill level 5 in Stealth
  9637 | D:7      | Reached skill level 5 in Short Blades
  9901 | D:7      | Reached XP level 9. HP: 42/42 MP: 17/22
  9946 | D:7      | Found an ancient bone altar of Kikubaaqudgha.
  9957 | D:7      | Found Keryanez's Book Shoppe.
 10094 | D:7      | Reached skill level 5 in Dodging
 10118 | D:7      | Found a stormy altar of Qazlal.
 10519 | D:7      | Noticed Duvessa
 10519 | D:7      | Noticed Dowan
 10545 | D:7      | Killed Duvessa
 10556 | D:7      | Killed Dowan
 10715 | D:8      | Found an iron altar of Okawaru.
 10966 | D:8      | Found a bloodstained altar of Trog.
 11639 | D:8      | Noticed a hand axe
 11640 | D:8      | Noticed a dagger
 11664 | D:8      | Found a hide-covered altar of Uskayaw.
 11916 | D:9      | Found a staircase to the Lair.
 11916 | D:9      | Noticed an elephant
 12061 | D:9      | Found a shimmering altar of Xom.
 12201 | D:9      | Noticed a troll
 12248 | D:9      | Killed a troll
 12312 | D:9      | Reached XP level 10. HP: 15/46 MP: 5/23
 12619 | D:9      | Found a staircase to the Orcish Mines.
 12799 | D:9      | Got an iridescent spear
 12809 | D:9      | Reached skill level 5 in Evocations
 12896 | D:9      | Identified the +1 spear "Juocag" {flame, rF+ rC+ rN+ Dex-5} (You found it on level 9 of the Dungeon)
 13143 | D:9      | Gained mutation: You are resistant to electric shocks. (rElec) [potion of mutation]
 13143 | D:9      | Gained mutation: You are frail. (-10% HP) [potion of mutation]
 13143 | D:9      | Gained mutation: You are somewhat resistant to further mutation. [potion of mutation]
 13156 | D:9      | Learned a level 3 spell: Confuse
 13598 | D:9      | Killed an elephant
 13995 | D:10     | Entered Level 10 of the Dungeon
 14409 | D:11     | Noticed a gargoyle
 14418 | D:11     | Killed a gargoyle
 15410 | D:11     | Reached XP level 11. HP: 41/45 MP: 9/25
 15533 | D:11     | Found a shadowy altar of Dithmenos.
 15535 | D:11     | Reached skill level 5 in Shields
 16727 | D:10     | Found a burning altar of Makhleb.
 17683 | D:9      | Slain by an orc warrior

Vault maps used:
D:1:      nzn_arrival_water_spiral
D:2:      grunt_temple_overflow_order_and_chaos_2
D:3:      grunt_temple_overflow_holy_war
D:4:      regret_index_temple_of_mockery, first_ration
D:5:      temple_green
D:6:      kennysheep_little_box, gammafunk_temple_overflow_claw,
          minmay_misc_feat_columns, grunt_decor_cap
D:7:      kiku_gazebo_pond_becter, old_standard_altar, serial_shops,
          nicolae_shop_crystal, uniq_duvessa
D:8:      dancing_weapons_uskayaw, okawaru_metal_pillars_1_2, lemuel_round_altar
D:9:      david_lair_generic, orc_0_dummy, basic_altar, grunt_livestock,
          grunt_decor_clamped
D:10:     serial_ice, serial_ice_b, serial_ice_k, serial_ice_a, serial_ice_n,
          serial_ice_f, serial_ice_h, basic_altar
D:11:     basic_loot_grate_trap, grunt_dithmenos_shadows
Temple:   corrupted_temple

Skill      XL: |  1  2  3  4  5  6  7  8  9 10 11 |
---------------+----------------------------------+-----
Fighting       | 2 |  2.0
Spellcasting   | 3 4 5 6 8 9 |  9.0
Transmutations | 3 4 6 7 8 9 |  9.0
Stealth        | 2 5 8 |  8.1
Short Blades   | 1 5 8 |  8.1
Dodging        | 1 4 6 8 |  8.0
Shields        | 3 4 6 |  6.2
Evocations     | 2 8 |  8.5
Long Blades    | |  1.0
Throwing       | |  1.0
Necromancy     | |  1.0

Action                   |  1- 3 |  4- 6 |  7- 9 | 10-12 || total
-------------------------+-------+-------+-------+-------++-------
Melee: Falchion          |    43 |    39 |   259 |       ||   341
       Unarmed           |       |       |    10 |    68 ||    78
       Dagger            |       |       |    85 |   286 ||   371
 Cast: Poisonous Vapours |    13 |    27 |   148 |   132 ||   320
       Call Imp          |       |       |    18 |     2 ||    20
       Sticks to Snakes  |       |       |     4 |       ||     4
       Confusing Touch   |       |       |     7 |    35 ||    42
       Passwall          |       |       |     1 |     8 ||     9
       Confuse           |       |       |       |     1 ||     1
       Petrify           |       |       |       |     1 ||     1
Evoke: Wand              |       |       |     5 |     3 ||     8
  Use: Scroll            |     2 |     2 |     7 |     1 ||    12
       Potion            |       |       |     3 |     1 ||     4
 Stab: Sleeping          |     1 |     1 |    14 |    17 ||    33
       Confused          |       |       |     5 |    22 ||    27
       Distracted        |       |       |     1 |     2 ||     3
  Eat: Ration            |       |     2 |     6 |     3 ||    11
Armor: Robe              |     8 |     6 |    26 |    10 ||    50
Dodge: Dodged            |    37 |    51 |   307 |   237 ||   632
Block: Buckler           |       |       |       |    22 ||    22
       Rpst.: Falchion   |    17 |    20 |    77 |       ||   114

Table legend:
 A = Spawn XP
 B = Non-spawn XP
 C = Spawn XP percentage of total XP
 D = Spawn monster count
 E = Non-spawn monster count
 F = Spawn count percentage of total count
 G = Total turns spent on level
                    A         B        C        D         E        F      G
               +---------+---------+-------+---------+---------+-------+---------
         Total |       0 |   14312 |   0.0 |       0 |     271 |   0.0 | 17683
               +---------+---------+-------+---------+---------+-------+---------
           D:1 |       0 |      63 |   0.0 |       0 |      32 |   0.0 |   882
           D:2 |       0 |     129 |   0.0 |       0 |      17 |   0.0 |  1467
           D:3 |       0 |     205 |   0.0 |       0 |      19 |   0.0 |  1595
           D:4 |       0 |     170 |   0.0 |       0 |      13 |   0.0 |  2083
           D:5 |       0 |     879 |   0.0 |       0 |      36 |   0.0 |  1668
           D:6 |       0 |     654 |   0.0 |       0 |      15 |   0.0 |  1386
           D:7 |       0 |    1205 |   0.0 |       0 |      21 |   0.0 |  1312
           D:8 |       0 |    1288 |   0.0 |       0 |      20 |   0.0 |  1221
           D:9 |       0 |    4049 |   0.0 |       0 |      35 |   0.0 |  3450
          D:10 |       0 |    2323 |   0.0 |       0 |      35 |   0.0 |   654
          D:11 |       0 |    3297 |   0.0 |       0 |      27 |   0.0 |  1643
        Temple |       0 |      50 |   0.0 |       0 |       1 |   0.0 |   322
               +---------+---------+-------+---------+---------+-------+---------
